 Dungeon Crawl Stone Soup version 0.28-a0-1143-gcf6077d4cc (webtiles) character file.

Game seed: 15659497602021431220

43 spaghetti the Caller (level 3, -1/24 HPs)
             Began as a Mummy Summoner on Dec 14, 2021.
             Slain by an orc wizard (2 damage)
             ... on level 2 of the Dungeon.
             The game lasted 00:03:33 (2560 turns).

spaghetti the Caller (Mummy Summoner)               Turns: 2560, Time: 00:03:34

Health: -1/24      AC:  2    Str: 11    XL:     3   Next: 37%
Magic:  6/7        EV: 12    Int: 16    God:
Gold:   83         SH:  0    Dex: 12    Spells: 6/7 levels left

rFire   x . .      SeeInvis .   b - +0 club {mace}
rCold   + . .      Faith    .   (no shield)
rNeg    + + +      Spirit   .   a - +0 robe
rPois   ∞          Reflect  .   (no helmet)
rElec   .          Harm     .   (no cloak)
rCorr   .          Rampage  .   (no gloves)
Will    .....                   (no boots)
Stlth   ++........              (no amulet)
HPRegen 0.08/turn               (no ring)
MPRegen 0.10/turn               (no ring)

@: no status effects
A: cold resistance 1, negative energy resistance 3, torment resistance 2, heat
vulnerability 1, no potions
a: no special abilities


You were on level 2 of the Dungeon.
You visited 1 branch of the dungeon, and saw 2 of its levels.

You collected 83 gold pieces.


Innate Abilities, Weirdness & Mutations

You are immune to poison.
Your flesh is cold resistant. (rC+)
You are immune to negative energy. (rN+++)
You are immune to unholy pain and torment.
You are vulnerable to heat. (rF-)
You do not drink.


   Skills:
 - Level 1.5 Dodging
 - Level 1.5 Stealth
 - Level 2.6 Spellcasting
 + Level 4.3 Summonings


You had 6 spell levels left.
You knew the following spells:

 Your Spells              Type           Power      Damage    Failure   Level
a - Summon Small Mammal   Summ           64%        N/A       3%          1

Your spell library contained the following spells:

 Spells                   Type           Power      Damage    Failure   Level
 Call Imp                 Summ           16%        N/A       4%          2
 Call Canine Familiar     Summ           16%        N/A       10%         3
 Summon Guardian Golem    Hex/Summ       9%         N/A       24%         3
 Summon Lightning Spire   Summ/Air       9%         N/A       61%         4

Inventory:

Hand Weapons
 b - a +0 club (weapon) {mace}
   (You took it off a kobold on level 1 of the Dungeon)
Missiles
 c - 39 stones {throwing}
 d - 11 poisoned darts {throwing}
 f - 19 bolts
Armour
 a - a +0 robe (worn)

Dungeon Overview and Level Annotations

Branches:
Dungeon (2/15)

Altars:
Nemelex Xobeh

#.###.###### #..........#
#.###.####.# # #.# #.# #.#
.#.#.###.# #.# #.# .........#
#.# #.# .#.#.###[###.# #.#
##.#.............####.### ###
...#.#.#.##@.##.........# ...
>.........ro..........### #.#
#....#.#.#r..##.#####.# #.#
#....#.#.#...##.# #.#
#.####....#.#.#...##.#####.###
#.#..........................#
............#.#...####.###.###
..#.###.............##.# #.#
..#.........###........# #.#


You could see an orc wizard (ally target) and 2 friendly quokkas.


Message History

Confirm with . or Enter, or press ? or * to list all spells.
The orc barely misses you. 😮 MP[-1]
You lost 1 mp, and now have 5/7 mp.
You closely miss the orc.
Your quokka bites the orc.
The orc barely misses you.
You hit the orc.
Your quokka barely misses the orc.
The orc hits you with a +0 short sword.
* * * LOW HITPOINT WARNING * * *
Your quokka barely misses the orc.
The orc hits you with a +0 short sword.
* * * LOW HITPOINT WARNING * * *
😨 HP[-3]
You take 3 damage, and now have 11/24 hp.
Unknown command.
Unknown command.
You swap places.
Your quokka bites the orc.
The orc dies!
You see here a +0 club {mace}. 😨 HP[+1]
You start resting. 😮 HP[+1] MP[+2]
Your mp is fully restored (7).
You start resting.
Your quokka disappears in a puff of smoke! x2 😎 HP[+11]
Your hp is fully restored (24).
Things that are here:
a +0 short sword {short}; a +0 leather armour Done exploring.
Done exploring.
(D) Dungeon
Where to? (Enter - D:2, ? - help)
There is a stone staircase leading down here.
You climb downwards.
There is a stone staircase leading up here.
An orc wizard is nearby!
Unknown command.
Unknown command.
Unknown command.
Unknown command.
Casting: Summon Small Mammal (safe; 3% risk of failure)
Confirm with . or Enter, or press ? or * to list all spells.
The orc wizard closely misses you. 😎 MP[-1]
You lost 1 mp, and now have 6/7 mp.
Casting: Summon Small Mammal (safe; 3% risk of failure)
Confirm with . or Enter, or press ? or * to list all spells.
The orc wizard hits you with a +0 dagger. 😕 HP[-2] MP[-1]
You take 2 damage, and now have 22/24 hp.
You lost 1 mp, and now have 5/7 mp.
You hit the orc wizard but do no damage.
Your quokka barely misses the orc wizard. x2
The orc wizard misses you.
You barely miss the orc wizard.
Your quokka bites the orc wizard but does no damage.
Your quokka bites the orc wizard.
The orc wizard hits you with a +0 dagger.
Your quokka bites the orc wizard but does no damage.
Your quokka closely misses the orc wizard. 😕 HP[-2]
You take 2 damage, and now have 20/24 hp.
You barely miss the orc wizard.
The orc wizard hits you with a +0 dagger.
Your quokka barely misses the orc wizard.
Your quokka misses the orc wizard.
The orc wizard points at you and mumbles some strange words.
The magic dart hits you!
* * * LOW HITPOINT WARNING * * *
😨 HP[-9]
You take 9 damage, and now have 11/24 hp.
MASSIVE DAMAGE!! (PAUSE) Unknown command.
Unknown command.
You barely miss the orc wizard.
Your quokka bites the orc wizard but does no damage.
Your quokka bites the orc wizard.
Your quokka barely misses the orc wizard.
The orc wizard gestures at you while chanting.
The puff of flame hits you! The fire burns you terribly!
* * * LOW HITPOINT WARNING * * *
Your quokka misses the orc wizard. 😱 HP[-10]
You take 10 damage, and now have 1/24 hp.
MASSIVE DAMAGE!! (PAUSE) Unknown command.
Unknown command.
Unknown command.
You can't drink.
You aren't carrying any scrolls.
Unknown command.
You aren't carrying any items that you can evoke.
Unknown command.
You closely miss the orc wizard.
Your quokka bites the orc wizard.
Your quokka closely misses the orc wizard.
The orc wizard closely misses your quokka.
Your quokka closely misses the orc wizard.
You hit the orc wizard.
Your quokka bites the orc wizard but does no damage.
The orc wizard hits you with a +0 dagger.
You die...

Skill      XL: |  1  2 |
---------------+-------+-----
Summonings     | 4 |  4.3
Dodging        | |  1.5
Stealth        | |  1.5
Spellcasting   | |  2.6

Action                   || total
-------------------------++-------
Melee: Club              ||   100
       Unarmed           ||     5
 Cast: Summon Small Mamm ||    26
  Use: Scroll            ||     3
 Stab: Sleeping          ||     2
Armor: Robe              ||    18
Dodge: Dodged            ||    73

Levels and vault maps discovered:
D:1:      sevenhm_arrival_forest_fort_small_6, layout_rooms,
          shapermc_ecumenical_altar_mp_urbaneastern, st_stairs_12
D:2:      layout_basic

Notes
Turn   | Place    | Note
-------+----------+-------------------------------------------
     0 | D:1      | spaghetti the Mummy Summoner began the quest for the Orb.
     0 | D:1      | Reached XP level 1. HP: 13/13 MP: 4/4
     0 | D:1      | magus.rc [v1.9.6]
     1 | D:1      | Found a sparkling altar of Nemelex Xobeh.
   282 | D:1      | Found a faded altar of an unknown god.
   371 | D:1      | You fall into a shaft and drop 1 floor!
   376 | D:2      | Reached XP level 2. HP: 16/19 MP: 5/5
   932 | D:1      | Reached skill level 4 in Summonings
  1495 | D:2      | Reached XP level 3. HP: 12/24 MP: 5/7
  1574 | D:2      | HP: 5/24 [something (3)]
  1878 | D:1      | HP: 6/24 [orc (4)]
  2558 | D:2      | HP: 1/24 [orc wizard/puff of flame (10)]
  2560 | D:2      | Slain by an orc wizard

Vanquished Creatures
  A dart slug (D:1)
  A giant cockroach (D:1)
  3 goblins
  3 hobgoblins
  A bat (D:1)
  2 frilled lizards (D:1)
  A kobold (D:1)
  3 rats
15 creatures vanquished.

Vanquished Creatures (collateral kills)
  An adder (D:2)
  4 orcs
  A ball python (D:2)
  2 endoplasms (D:1)
  2 goblins (D:1)
  A kobold (D:1)
11 creatures vanquished.

Vanquished Creatures (others)
  2 fungi (D:1)
2 creatures vanquished.

Grand Total: 28 creatures vanquished

Table legend:
 A = Non-vault XP
 B = Vault XP
 C = Vault XP percentage of total XP
 D = Non-vault monster count
 E = Vault monster count
 F = Vault count percentage of total count
                 A         B        C        D         E       F
            +---------+---------+-------+---------+---------+-------
      Total |      61 |       1 |   1.6 |      25 |       1 |   3.8
            +---------+---------+-------+---------+---------+-------
        D:1 |      33 |       1 |   2.9 |      17 |       1 |   5.6
        D:2 |      28 |       0 |   0.0 |       8 |       0 |   0.0
            +---------+---------+-------+---------+---------+-------

Illustrated notes

Table legend:
 A = Kills in this place as a percentage of kills in entire the game.
 B = Kills by you in this place as a percentage of kills by you in the entire game.
 C = Kills by friends in this place as a percentage of kills by friends in the entire game.
 D = Other kills in this place as a percentage of other kills in the entire game.
 E = Experience gained in this place as a percentage of experience gained in the entire game.
 F = Experience gained in this place divided by the number of levels of this place that you have seen.
                   A       B       C       D       E      F
               +-------+-------+-------+-------+-------+----------------------
         Total | 100.0 | 100.0 | 100.0 |   N/A | 100.0 |  31.0
       Dungeon | 100.0 | 100.0 | 100.0 |   N/A | 100.0 |  31.0
               +-------+-------+-------+-------+-------+----------------------

Table legend: (Time is in decaauts)
 A = Elapsed time spent in this place.
 B = Non-inter-level travel time spent in this place.
 C = Inter-level travel time spent in this place.
 D = Time resting spent in this place.
 E = Time spent auto-exploring this place.
 F = Levels seen in this place.
 G = Mean time per level.
                   A        B        C        D        E       F      G
               +--------+--------+--------+--------+--------+-----+--------+
         Total |   2594 |   2516 |     78 |    819 |   1335 |   2 | 1297.0 |
       Dungeon |   2594 |   2516 |     78 |    819 |   1335 |   2 | 1297.0 |
               +--------+--------+--------+--------+--------+-----+--------+

Top non-repeatable levels by time:
     D:1: 1811 daAuts
     D:2: 782 daAuts
